 Dungeon Crawl Stone Soup version 0.29-a0-322-g68df515428 (webtiles) character file.

Game seed: 12457191742165164636

113 jisko22 the Sneak (level 5, 29/29 HPs)
             Began as a Kobold Enchanter on Apr 6, 2022.
             Quit the game on level 2 of the Dungeon.
             The game lasted 00:10:39 (4090 turns).

jisko22 the Sneak (Kobold Enchanter)                Turns: 4090, Time: 00:10:40

Health: 29/29      AC:  3    Str:  5    XL:     5   Next: 17%
Magic:  9/9        EV: 15    Int: 16    God:
Gold:   63         SH:  0    Dex: 18    Spells: 1/9 levels left

rFire   . . .      SeeInvis .   a - +1 dagger
rCold   . . .      Faith    .   (no shield)
rNeg    . . .      Spirit   .   b - +1 robe
rPois   .          Reflect  .   (no helmet)
rElec   .          Harm     .   (no cloak)
rCorr   .          Rampage  .   (no gloves)
Will    .....                   (no boots)
Stlth   ++++......              (no amulet)
HPRegen 0.09/turn               (no ring)
MPRegen 0.11/turn               (no ring)

@: no status effects
A: small, no large weapons, nightstalker 3
a: no special abilities


You were on level 2 of the Dungeon.
You visited 1 branch of the dungeon, and saw 3 of its levels.

You collected 63 gold pieces.

Inventory:

Hand Weapons
 a - a +1 dagger (weapon)
Missiles
 g - 41 stones (quivered)
Armour
 b - a +1 robe (worn)
Scrolls
 e - 2 scrolls of fear {unknown}
 h - a scroll of holy word {unknown}
 i - a scroll of amnesia {unknown}
Potions
 c - 2 potions of invisibility
 d - a potion of cancellation
 f - a potion of brilliance {unknown}


   Skills:
 + Level 1.1 Fighting
 * Level 3.0 Short Blades
 - Level 1.2 Throwing
 + Level 3.2 Dodging
 + Level 4.5 Stealth
 + Level 2.6 Spellcasting
 * Level 3.6 Hexes


You had one spell level left.
You knew the following spells:

 Your Spells              Type           Power      Damage    Failure   Level
a - Ensorcelled Hibernat  Hex/Ice        16%        N/A       14%         2
b - Confusing Touch       Hex            13%        N/A       13%         3
c - Dazzling Flash        Conj/Hex       16%        N/A       26%         3

Your spell library contained the following spells:

 Spells                   Type           Power      Damage    Failure   Level
 Sandblast                Erth           4%         2d4       21%         1
 Tukima's Dance           Hex            13%        N/A       13%         3
 Passwall                 Tmut/Erth      1%         N/A       30%         2
 Stone Arrow              Conj/Erth      4%         3d7       52%         3


Dungeon Overview and Level Annotations

Branches:
Dungeon (3/15)

Altars:
Uskayaw

Shops:
D:1 ?


Innate Abilities, Weirdness & Mutations

You are small and have problems with some larger weapons.
You are completely attuned to the shadows.


Message History

The worm is severely wounded.
You hit the worm but do no damage.
The worm is severely wounded.
The worm barely misses you.
You hit the worm.
The worm is almost dead.
Casting: Ensorcelled Hibernation (safe; 14% risk of failure)
Confirm with . or Enter, or press ? or * to list all spells.
Aiming: Ensorcelled Hibernation (safe; 14% risk of failure)
Press: ? - help, Shift-Dir - straight line, f/p - worm
Aim: a worm (almost dead, chance to affect: 50%)
The worm resists with some effort.
The worm bites you.
You hit the worm.
You kill the worm!
Your Short Blades skill increases to level 3!
You see here a worm corpse.
You start resting.
Your magical contamination has completely faded away.
You start resting.
Magic restored.
You start resting.
HP restored.
There is an open door here.
e - 2 scrolls labelled BEHAX CIVAU (gained 1)
There is an open door here.
There is an open door here.
g - 41 stones (gained 14)
You now have 44 gold pieces (gained 10).
You now have 52 gold pieces (gained 8).
You now have 63 gold pieces (gained 11).
There is an open door here.
There is an open door here.
Done exploring.
Done exploring.
Done exploring.
Done exploring.
Welcome back, jisko22 the Kobold Enchanter.
Press ? for a list of commands and other information.
Okay, then.
Are you sure you want to abandon this character and quit the game? (Confirm with "yes".)

##### #......# ....# #.##.#.#
....# #.##.#.# ....# #.#..#.#
.#### #############
.#..###†..#..#..#.#
......###†..##.##.#
.#......###....#..#
.#'#..)...###...@##
##.###......###...#
##...###......###.#
####...###......#'# #######
.#)###...###......# #.....#
##...##..##......## ####.###.#
###....##......#######....# #.#
##.##†.##......##.#.....##.###.##
.#....##......##..########......>


There were no monsters in sight!

Vanquished Creatures
  4 adders (D:2)
  5 worms (D:2)
  2 dart slugs
  5 ball pythons
  7 endoplasms
  2 giant cockroaches (D:2)
  4 goblins
  6 hobgoblins
  4 quokkas
  7 bats
  4 frilled lizards
  5 kobolds
  4 rats
59 creatures vanquished.

Notes
Turn   | Place    | Note
-------+----------+-------------------------------------------
     0 | D:1      | jisko22 the Kobold Enchanter began the quest for the Orb.
     0 | D:1      | Reached XP level 1. HP: 10/10 MP: 3/3
   436 | D:1      | Found Unuvvehotz's Magic Scroll Boutique.
   493 | D:1      | Reached XP level 2. HP: 15/15 MP: 5/5
   623 | D:1      | Learned a level 2 spell: Ensorcelled Hibernation
  1197 | D:1      | Reached XP level 3. HP: 20/20 MP: 6/6
  2287 | D:2      | Reached XP level 4. HP: 24/24 MP: 7/7
  2292 | D:2      | Reached skill level 1 in Fighting
  2312 | D:2      | Learned a level 3 spell: Confusing Touch
  2316 | D:2      | Learned a level 3 spell: Dazzling Flash
  2451 | D:2      | Found a hide-covered altar of Uskayaw.
  2570 | D:2      | Reached skill level 1 in Throwing
  3014 | D:2      | Reached XP level 5. HP: 20/29 MP: 0/8
  4090 | D:2      | Quit the game

Illustrated notes

Levels and vault maps discovered:
D:1:      eino_arrival_druids_welcome, layout_basic, serial_shops,
          nicolae_shop_hallway_plus
D:2:      minmay_razor_zed, layout_loops_cross, basic_altar, grunt_ministairs_12
D:3:      layout_loops_ring, shapermc_ecumenical_altar_rom_forum,
          grunt_ministairs_9, uniq_natasha, uniq_robin

Skill      XL: |  1  2  3  4  5 |
---------------+----------------+-----
Short Blades   | 2 3 |  3.0
Fighting       | 1 |  1.1
Dodging        | 3 |  3.2
Throwing       | 1 |  1.2
Stealth        | |  4.5
Spellcasting   | |  2.6
Hexes          | |  3.6

Action                   |  1- 3 |  4- 6 || total
-------------------------+-------+-------++-------
Melee: Dagger            |    71 |    85 ||   156
 Cast: Ensorcelled Hiber |    18 |    20 ||    38
  Use: Potion            |     2 |     1 ||     3
       Scroll            |     1 |     2 ||     3
 Stab: Sleeping          |    28 |     9 ||    37
       Invisible         |     1 |       ||     1
Armor: Robe              |    14 |    14 ||    28
Dodge: Dodged            |    54 |    59 ||   113

Table legend: (Time is in decaauts)
 A = Elapsed time spent in this place.
 B = Non-inter-level travel time spent in this place.
 C = Inter-level travel time spent in this place.
 D = Time resting spent in this place.
 E = Time spent auto-exploring this place.
 F = Levels seen in this place.
 G = Mean time per level.
                   A        B        C        D        E       F      G
               +--------+--------+--------+--------+--------+-----+--------+
         Total |   4074 |   3990 |     84 |   1975 |   1467 |   3 | 1358.0 |
       Dungeon |   4074 |   3990 |     84 |   1975 |   1467 |   3 | 1358.0 |
               +--------+--------+--------+--------+--------+-----+--------+

Top non-repeatable levels by time:
     D:2: 2611 daAuts
     D:1: 1460 daAuts
     D:3: 1 daAuts
